 Dungeon Crawl Stone Soup version 0.29-a0-100-g60f898f876 (webtiles) character file.

Game seed: 7921359234066283911

454 Gargoyl the Skirmisher (level 7, -5/44 HPs)
             Began as a Gargoyle Abyssal Knight on Feb 14, 2022.
             Was a Believer of Lugonu.
             Splashed by a jelly's acid (9 damage)
             ... on level 5 of the Dungeon.
             The game lasted 00:04:29 (5206 turns).

Gargoyl the Skirmisher (Gargoyle Abyssal Knight)    Turns: 5206, Time: 00:04:30

Health: -5/44      AC:  0    Str: 19    XL:     7   Next: 5%
Magic:  9/9        EV:  6    Int: 10    God:    Lugonu [**....]
Gold:   241        SH:  0    Dex: 10    Spells: 6/6 levels left

rFire   . . .      SeeInvis .   a - +1 hand axe
rCold   . . .      Faith    .   (no shield)
rNeg    + . .      Spirit   .   b - +0 plate armour
rPois   ∞          Reflect  .   (no helmet)
rElec   +          Harm     .   (no cloak)
rCorr   .          Rampage  .   (no gloves)
Will    .....                   (no boots)
Stlth   ..........              (no amulet)
HPRegen 0.14/turn               d - ring of flight
MPRegen 0.11/turn               (no ring)

@: corroded, flying
A: sickness immunity, AC +4, negative energy resistance 1, electricity
resistance, torment resistance 1, petrification resistance
a: Renounce Religion, Depart the Abyss, Bend Space


You were on level 5 of the Dungeon.
You worshipped Lugonu.
Lugonu was pleased with you.
You visited 1 branch of the dungeon, and saw 5 of its levels.
You visited the Abyss 1 time.

You collected 241 gold pieces.

Inventory:

Hand Weapons
 a - a +1 hand axe (weapon)
Missiles
 e - 3 poisoned darts (quivered)
Armour
 b - a +0 plate armour (worn)
Jewellery
 d - a ring of flight (left hand)
Wands
 f - a wand of charming (8)
Scrolls
 c - a scroll of identify
 i - a scroll of teleportation
 j - a scroll of fog
Potions
 g - a potion of magic


   Skills:
 + Level 4.4 Fighting
 + Level 4.3 Axes
 + Level 0.3 Throwing
 + Level 4.1 Armour
 + Level 1.2 Dodging
 + Level 0.2 Stealth
 * Level 3.8 Invocations


You had 6 spell levels left.
You didn't know any spells.
Your spell library contained the following spells:

 Spells                   Type           Power      Damage    Failure   Level
 Animate Armour           Summ/Erth      0%         N/A       100%        4
 Blade Hands              Tmut           0%         N/A       100%        5
 Iron Shot                Conj/Erth      0%         9d1       100%        6


Dungeon Overview and Level Annotations

Branches:
Dungeon (5/15)
 Temple: D:4-7

Altars:
Trog

Shops:
D:2 (


Innate Abilities, Weirdness & Mutations

You are immune to sickness and miasma.
Your stone body is resilient. (AC +4)
You are immune to poison.
You resist negative energy. (rN+)
You are resistant to electric shocks. (rElec)
You are resistant to unholy torment.
You are immune to petrification.


Message History

You see here a quokka corpse.
A jelly comes into view.
The jelly quivers.
A jelly is nearby!
A jelly is nearby!
A jelly is nearby!
You see here a +0 hat.
The jelly hits you but does no damage.
You hit the jelly. The acid corrodes you!
Your hands burn!
The jelly is lightly wounded.
The jelly hits you but does no damage.
You hit the jelly but do no damage.
Your hands burn!
The jelly is lightly wounded.
The jelly hits you but does no damage.
You hit the jelly.
Your hands burn!
The jelly is moderately wounded.
The jelly hits you but does no damage.
You hit the jelly.
Your hands burn!
The jelly is heavily wounded.
The jelly hits you but does no damage.
You hit the jelly.
Your hands burn!
The jelly is heavily wounded.
The jelly hits you but does no damage.
You hit the jelly but do no damage. The acid corrodes you!
Your hands burn!
The jelly is heavily wounded.
The jelly hits you. The acid corrodes you!
You are splashed with acid.
You hit the jelly but do no damage.
Your hands burn!
The jelly is heavily wounded.
The jelly hits you.
You are splashed with acid!
* * * LOW HITPOINT WARNING * * *
You hit the jelly but do no damage.
Your hands burn!
* * * LOW HITPOINT WARNING * * *
The jelly is heavily wounded.
The jelly hits you but does no damage.
Unknown command.
You see here a +0 hat.
The jelly hits you.
* * * LOW HITPOINT WARNING * * *
The acid corrodes you!
You are splashed with acid!
You die...

**#..##.........#####**,,,,,,,
**,#...........#.# *#.**,,,,,*,
*,............######...,,,,,,*,
***,............###.......,,,,,*,
,,*,,...........##.........,,,,*,
,,,,,.................$....,,,,*,
,,,,,,,,..............$....,,,,,,
,,,,,,,,...................,,,,,,
,,,,,,,,.#..#..†@..........,,,,,,
,,,,,,,,,####....J.........,,,,,,
*,,**,,,,#....#...[........,,,,,,
*,,***,,,#..###...#.....##**,,,,,
*,,,**,,....* #..##.....#**,,,*,,
*,,,****...** ##..##.....#**,,*,,
,,,,**,,..,* ##..,....##,*,,*,,
,,,**,,,,,,* **..,^.....,,,,,,,
,,**,,,***,*****,.##.#.....,,****


You could see a jelly.

Vanquished Creatures
  A water moccasin (D:4)
  An ogre (D:4)
  2 scorpions (D:4)
  6 adders
  2 worms
  3 dart slugs
  5 orcs
  5 ball pythons
  6 endoplasms
  A giant cockroach (D:2)
  4 goblins
  7 hobgoblins
  9 jackals
  8 kobolds
  2 quokkas (D:5)
  2 bats
  8 frilled lizards
  9 rats
81 creatures vanquished.

Notes
Turn   | Place    | Note
-------+----------+-------------------------------------------
     0 | Abyss:1  | Gargoyl the Gargoyle Abyssal Knight began the quest for the
                  | Orb.
     0 | Abyss:1  | Reached XP level 1. HP: 14/14 MP: 2/2
     0 | D:1      | Escaped the Abyss
   278 | D:1      | Reached XP level 2. HP: 16/19 MP: 3/3
   869 | D:1      | Reached * piety under Lugonu
   893 | D:1      | Found a faded altar of an unknown god.
  1177 | D:2      | Reached XP level 3. HP: 23/23 MP: 4/4
  1189 | D:2      | Reached skill level 1 in Dodging
  1877 | D:2      | Reached XP level 4. HP: 29/29 MP: 6/6
  2078 | D:2      | Found Vetit's Weapon Shoppe.
  2198 | D:2      | HP: 1/29 [constriction (1)]
  2898 | D:3      | Reached ** piety under Lugonu
  3017 | D:3      | Reached XP level 5. HP: 33/33 MP: 7/7
  3508 | D:4      | Noticed an ogre
  3520 | D:4      | Killed an ogre
  3521 | D:4      | Reached XP level 6. HP: 15/38 MP: 8/8
  4461 | D:4      | Noticed a water moccasin
  4494 | D:4      | HP: 1/38 [water moccasin (5)]
  4496 | D:4      | Killed a water moccasin
  4908 | D:4      | Reached XP level 7. HP: 29/44 MP: 9/9
  5134 | D:5      | Entered Level 5 of the Dungeon
  5164 | D:5      | Found a bloodstained altar of Trog.
  5206 | D:5      | Splashed by a jelly's acid

Illustrated notes

Levels and vault maps discovered:
D:1:      lightli_arrival_statue_moat, layout_rooms,
          hellmonk_ecumenical_altar_slurped_away, roderic_lattice_a,
          minmay_tromino_v7
D:2:      layout_rooms, serial_shops, nicolae_shop_waterfront,
          minmay_lizard_pond
D:3:      layout_basic
D:4:      layout_gridville
D:5:      layout_cave_pools, mainiacjoe_overflow_catwalk, trog_book,
          nicolae_vehumet_radiance, serial_shops, nicolae_stop_n_shop_2,
          st_stairs_3

Skill      XL: |  1  2  3  4  5  6 |
---------------+-------------------+-----
Axes           | 2 3 4 |  4.3
Dodging        | 1 |  1.2
Armour         | 3 4 |  4.1
Fighting       | 4 |  4.4
Invocations    | 3 |  3.8
Throwing       | |  0.3
Stealth        | |  0.2

Action                   |  1- 3 |  4- 6 |  7- 9 || total
-------------------------+-------+-------+-------++-------
Melee: Hand axe          |   119 |   206 |    10 ||   335
       Punch             |       |     2 |       ||     2
Throw: Dart              |       |     6 |       ||     6
       Throwing net      |       |     1 |       ||     1
Invok: Depart the Abyss  |     1 |       |       ||     1
  Use: Scroll            |     2 |     3 |     2 ||     7
       Potion            |       |     3 |       ||     3
Armor: Leather armour    |    45 |       |       ||    45
       Ring mail         |    11 |    14 |       ||    25
       Plate armour      |       |   133 |     8 ||   141
Dodge: Dodged            |    91 |    85 |       ||   176

Table legend: (Time is in decaauts)
 A = Elapsed time spent in this place.
 B = Non-inter-level travel time spent in this place.
 C = Inter-level travel time spent in this place.
 D = Time resting spent in this place.
 E = Time spent auto-exploring this place.
 F = Levels seen in this place.
 G = Mean time per level.
                   A        B        C        D        E       F      G
               +--------+--------+--------+--------+--------+-----+--------+
         Total |   5258 |   5189 |     69 |    480 |   3856 |   6 |  876.3 |
       Dungeon |   5258 |   5189 |     69 |    480 |   3856 |   5 | 1051.6 |
         Abyss |      0 |      0 |      0 |      0 |      0 |   1 |    0.0 |
               +--------+--------+--------+--------+--------+-----+--------+

Top non-repeatable levels by time:
     D:4: 1663 daAuts
     D:2: 1555 daAuts
     D:1: 1170 daAuts
     D:3: 796 daAuts
     D:5: 72 daAuts
